[Event "Titled Tuesday Blitz February 28 Early 2023"]
[White "Manelyuk, Daniil"]
[Black "Mendez Machado, Andre"]
[WhiteFideId "44173920"]
[BlackFideId "6603793"]
[WhiteElo "2259"]
[BlackElo "1989"]
[Result "1-0"]
[Round "01"]
[TimeControl "180+2"]
[Date "2023.02.28"]
[WhiteClock "0:01:12"]
[BlackClock "0:00:03"]

1. e4 e5 2. Nf3 Nc6 3. Bb5 a6 4. Ba4 Nf6 5. O-O b5 6. Bb3 Bc5 7. Re1 d6 8. c3 Bb6 9. a4 Rb8 10. Na3 O-O 11. d4 Bg4 12. axb5 axb5 13. Nxb5 Bxf3 14. gxf3 Nh5 15. Kh1 Qf6 16. Be3 exd4 17. cxd4 Ba5 18. Nc3 Rxb3 19. Qxb3 Qxf3+ 20. Kg1 Qg4+ 21. Kf1 Qh3+ 22. Ke2 Qg4+ 23. Kd2 Bxc3+ 24. bxc3 Rb8 25. Qc2 Nf6 26. Qd3 Nxe4+ 27. Kc2 Nf6 28. Reb1 Re8 29. Ra6 Nd8 30. Rb8 Nd5 31. Raa8 Nxe3+ 32. fxe3 Qg2+ 33. Kb3 Qg5 34. Qb5 Qxb5+ 35. Rxb5 Kf8 36. Rbb8 Ke7 37. Rc8 Kd7 38. c4 g5 39. c5 h5 40. c6+ Ke7 41. Rxc7+ Kf8 42. Rcc8 Ke7 43. c7 1-0


[Site "https://www.chess.com"]

[Event "Titled Tuesday Blitz February 28 Early 2023"]
[White "Lauridsen, Jesper Morch"]
[Black "Mamedov, Edgar"]
[WhiteFideId "1401890"]
[BlackFideId "13739980"]
[WhiteElo "2245"]
[BlackElo "2330"]
[Result "0-1"]
[Round "01"]
[TimeControl "180+2"]
[Date "2023.02.28"]
[WhiteClock "0:00:33"]
[BlackClock "0:01:07"]

1. e4 c6 2. d4 d5 3. exd5 cxd5 4. Nf3 Nc6 5. Bb5 e6 6. c4 Nf6 7. cxd5 Nxd5 8. O-O Bd6 9. Nc3 O-O 10. Bxc6 bxc6 11. Ne4 Be7 12. Qa4 Bd7 13. Nc5 Bxc5 14. dxc5 Qb8 15. Re1 f6 16. Nd4 e5 17. Nc2 a5 18. Ne3 Qb4 19. Qxb4 axb4 20. Nc4 Be6 21. Nb6 Ra5 22. Nxd5 Bxd5 23. Bd2 Bxa2 24. Bxb4 Ra4 25. Bc3 Rfa8 26. h3 Bd5 27. Rxa4 Rxa4 28. b4 Ra3 29. Rc1 Kf7 30. f3 Ke6 31. Kf2 Ra2+ 32. Kg3 g5 33. Ra1 Rc2 34. Be1 h5 35. Rd1 h4+ 36. Kg4 Rxg2+ 0-1


[Site "https://www.chess.com"]

[Event "Titled Tuesday Blitz February 28 Early 2023"]
[White "Sourath Biswas"]
[Black "Tagliati, Eleonore"]
[WhiteFideId "35091484"]
[BlackFideId "45172234"]
[WhiteElo "2164"]
[BlackElo "2239"]
[Result "1-0"]
[Round "01"]
[TimeControl "180+2"]
[Date "2023.02.28"]
[WhiteClock "0:00:09"]
[BlackClock "0:00:27"]

1. d4 d5 2. Bf4 c5 3. e3 Nc6 4. Nf3 Nf6 5. Nbd2 Qb6 6. dxc5 Qxb2 7. Rb1 Qc3 8. Bb5 a6 9. Bxc6+ bxc6 10. O-O e6 11. Be5 Qa5 12. c4 Be7 13. Nb3 Qd8 14. Nbd4 Bd7 15. cxd5 exd5 16. Qc2 O-O 17. Rb7 Ne4 18. Nb3 Bf5 19. Nfd4 Bg6 20. Nxc6 Ng3 21. Qb2 Nxf1 22. Nxd8 1-0


[Site "https://www.chess.com"]

[Event "Titled Tuesday Blitz February 28 Early 2023"]
[White "Simonovic, Miroslav"]
[Black "Pinheiro, Iung Alicio de O."]
[WhiteFideId "919152"]
[BlackFideId "2104350"]
[WhiteElo "2057"]
[BlackElo "2283"]
[Result "0-1"]
[Round "01"]
[TimeControl "180+2"]
[Date "2023.02.28"]
[WhiteClock "0:00:06"]
[BlackClock "0:00:13"]

1. d4 Nf6 2. Bg5 Ne4 3. Bf4 Nc6 4. e3 g5 5. Bg3 h5 6. f3 h4 7. Be5 Nxe5 8. dxe5 Nc5 9. Nc3 Bg7 10. f4 d6 11. Nf3 Bg4 12. Be2 Bxf3 13. Bxf3 c6 14. Qd4 Qb6 15. O-O-O O-O-O 16. Ne4 Nxe4 17. Qxe4 e6 18. c3 dxe5 19. fxg5 Qc5 20. Rxd8+ Rxd8 21. Rd1 Rh8 22. Qd3 Qe7 23. g6 f5 24. e4 f4 25. Bg4 Kc7 26. Qc4 Re8 27. Kc2 Bh6 28. h3 f3 29. g3 hxg3 30. Qd3 f2 31. Qxg3 Qg5 32. Rf1 Rf8 33. Rxf2 Rxf2+ 34. Qxf2 Qxg6 35. Qf3 Bf4 36. Kb3 Qe8 37. Qd3 Qe7 38. Qc4 Kd6 39. Qb4+ Kd7 40. Qxb7+ Ke8 41. Qxc6+ Kf7 42. Qxe6+ Qxe6+ 43. Bxe6+ Kxe6 44. Kc4 Kd6 45. Kb5 Bg3 46. c4 a6+ 47. Kxa6 Kc5 48. b3 Kd4 49. Kb5 Kxe4 50. c5 Kd5 51. b4 e4 52. a4 e3 53. a5 e2 54. a6 e1=Q 55. a7 Qe8+ 56. Kb6 Qa8 57. b5 Bf2 58. Ka6 Bxc5 59. b6 Bxb6 60. Kxb6 Kd6 61. h4 Qc6+ 62. Ka5 Qb7 63. h5 Qxa7+ 64. Kb5 Qc7 0-1


[Site "https://www.chess.com"]

[Event "Titled Tuesday Blitz February 28 Early 2023"]
[White "Djokovic, Nebojsa"]
[Black "Ardila, Oscar Humberto"]
[WhiteFideId "938300"]
[BlackFideId "4404742"]
[WhiteElo "2587"]
[BlackElo "1946"]
[Result "1-0"]
[Round "01"]
[TimeControl "180+2"]
[Date "2023.02.28"]
[WhiteClock "0:00:10"]
[BlackClock "0:00:57"]

1. c4 Nf6 2. Nf3 g6 3. g3 Bg7 4. Bg2 O-O 5. O-O d6 6. Nc3 Nbd7 7. d3 c6 8. e4 e5 9. d4 Qc7 10. b3 Re8 11. Bb2 a5 12. Re1 exd4 13. Nxd4 Nc5 14. Rc1 Bg4 15. Qd2 Rad8 16. h3 Bc8 17. Rcd1 h5 18. h4 Ng4 19. Qc2 Qb6 20. Nf3 Ne6 21. Na4 Qa7 22. Bxg7 Kxg7 23. Bh3 f6 24. Bxg4 hxg4 25. Nh2 Nc5 26. Nc3 Ne6 27. Qd2 c5 28. Nb5 Qb6 29. Nxg4 Nd4 30. Nxd4 Bxg4 31. f3 cxd4 32. fxg4 d3+ 33. Kg2 Re5 34. Qxd3 Rde8 35. Qxd6 Qa7 36. Qd4 b6 37. Qd7+ R8e7 38. Qxa7 Rxa7 39. Rd5 Re6 40. g5 Rae7 41. gxf6+ Kxf6 42. e5+ Kg7 43. Kf2 Kh6 44. Rd6 Rxe5 45. Rxe5 Rxe5 46. Rxb6 Kh5 47. Rb5 Rf5+ 48. Rxf5+ gxf5 49. c5 Kg4 50. c6 f4 51. gxf4 Kxf4 52. c7 1-0


[Site "https://www.chess.com"]

[Event "Titled Tuesday Blitz February 28 Early 2023"]
[White "Onslow, Alfie"]
[Black "Sukandar, Irine Kharisma"]
[WhiteFideId "436976"]
[BlackFideId "7101937"]
[WhiteElo "2114"]
[BlackElo "2301"]
[Result "0-1"]
[Round "01"]
[TimeControl "180+2"]
[Date "2023.02.28"]
[WhiteClock "0:00:04"]
[BlackClock "0:01:29"]

1. e4 e5 2. Bc4 Nf6 3. d3 Bc5 4. Nc3 O-O 5. f4 d6 6. Nf3 Nc6 7. f5 Nd7 8. Qe2 Na5 9. Be3 Nxc4 10. dxc4 Bxe3 11. Qxe3 a5 12. g4 a4 13. h4 Nc5 14. g5 a3 15. b3 b6 16. Ne2 Bb7 17. Ng3 Qd7 18. O-O-O Qc6 19. Rde1 b5 20. cxb5 Qxb5 21. h5 Qb4 22. g6 d5 23. gxh7+ Kxh7 24. Ng5+ Kh8 25. h6 g6 26. c3 Nxb3+ 27. Kd1 Qc5 28. Qxc5 Nxc5 29. h7 dxe4 30. N3xe4 Nxe4 31. Nxe4 gxf5 32. Nf6 Bxh1 33. Rxh1 Ra6 34. Nd5 Rd6 0-1


[Site "https://www.chess.com"]

[Event "Titled Tuesday Blitz February 28 Early 2023"]
[White "Pajeken, Jakob Leon"]
[Black "Nissinen, Niilo Man"]
[WhiteFideId "12942839"]
[BlackFideId "30950767"]
[WhiteElo "2414"]
[BlackElo "1957"]
[Result "0-1"]
[Round "01"]
[TimeControl "180+2"]
[Date "2023.02.28"]
[WhiteClock "0:02:04"]
[BlackClock "0:01:10"]

1. Nf3 Nf6 2. c4 c5 3. e3 Nc6 4. d4 cxd4 5. exd4 d5 6. h3 g6 7. Nc3 Bg7 8. a3 O-O 9. c5 Ne4 10. Bb5 Nxc3 11. bxc3 Qa5 12. Bxc6 bxc6 13. Bd2 Ba6 14. c4 Qc7 15. cxd5 cxd5 16. Qa4 Bc4 17. Qa5 Qc8 18. Bc3 Qf5 19. O-O-O Bh6+ 20. Bd2 Rab8 21. Qb4 Rxb4 22. axb4 Bb3 0-1


[Site "https://www.chess.com"]

[Event "Titled Tuesday Blitz February 28 Early 2023"]
[White "Schut, Han"]
[Black "Sielecki, Christof"]
[WhiteFideId "1005561"]
[BlackFideId "4620437"]
[WhiteElo "2024"]
[BlackElo "2443"]
[Result "0-1"]
[Round "01"]
[TimeControl "180+2"]
[Date "2023.02.28"]
[WhiteClock "0:00:01"]
[BlackClock "0:00:54"]

1. e4 c5 2. Nf3 a6 3. c4 Nc6 4. d4 cxd4 5. Nxd4 e5 6. Nc2 Nf6 7. Bd3 Bc5 8. Be3 d6 9. O-O O-O 10. h3 Be6 11. Nc3 Rc8 12. a3 Bxe3 13. Nxe3 Nd4 14. b4 b5 15. cxb5 Rxc3 16. bxa6 Qb6 17. b5 Rfc8 18. a4 Qa5 19. Rb1 Nd7 20. Qd2 Nc5 21. Nd5 0-1


[Site "https://www.chess.com"]

[Event "Titled Tuesday Blitz February 28 Early 2023"]
[White "Berezin, Viktor"]
[Black "Cueto, Jonny"]
[WhiteFideId "14107872"]
[BlackFideId "3300145"]
[WhiteElo "2310"]
[BlackElo "2212"]
[Result "1-0"]
[Round "01"]
[TimeControl "180+2"]
[Date "2023.02.28"]
[WhiteClock "0:01:18"]
[BlackClock "0:00:03"]

1. d4 e6 2. c4 Nf6 3. Nf3 b6 4. g3 Bb7 5. Bg2 Be7 6. O-O O-O 7. Nc3 Ne4 8. Qc2 Nxc3 9. Qxc3 f5 10. Rb1 d6 11. Ne1 Bxg2 12. Nxg2 Nd7 13. Nf4 Rf6 14. b4 a5 15. a3 axb4 16. axb4 Qb8 17. Bb2 Nf8 18. Qe3 Qc8 19. Ra1 Rxa1 20. Rxa1 Ng6 21. Qf3 c6 22. Nd3 d5 23. c5 bxc5 24. dxc5 Rf8 25. Ra7 Qb8 26. Ra6 Qb5 27. Rb6 Qc4 28. Ne5 Nxe5 29. Bxe5 Bf6 30. Qe3 Bxe5 31. Qxe5 Qc1+ 32. Kg2 Re8 33. Rxc6 1-0


[Site "https://www.chess.com"]

[Event "Titled Tuesday Blitz February 28 Early 2023"]
[White "Clawitter, Craig"]
[Black "Lamaze, Simon"]
[WhiteFideId "2023105"]
[BlackFideId "36069264"]
[WhiteElo "2227"]
[BlackElo "2272"]
[Result "0-1"]
[Round "01"]
[TimeControl "180+2"]
[Date "2023.02.28"]
[WhiteClock "0:00:05"]
[BlackClock "0:00:38"]

1. e4 e6 2. d4 d5 3. e5 Qd7 4. Nf3 b6 5. c4 dxc4 6. Bxc4 Ba6 7. Nbd2 Ne7 8. O-O Nd5 9. Bxa6 Nxa6 10. Ne4 Be7 11. h4 h6 12. h5 O-O-O 13. Be3 Kb7 14. a3 f5 15. exf6 gxf6 16. b4 Rhg8 17. Qe2 Bd6 18. Rfc1 f5 19. Nc3 Nxc3 20. Rxc3 f4 21. Bxf4 Bxf4 22. Qe4+ Qd5 23. Qxf4 Rdf8 24. Qe3 Rg4 25. b5 Qxb5 26. Qxe6 Qxh5 27. Rac1 Qg6 0-1


[Site "https://www.chess.com"]

[Event "Titled Tuesday Blitz February 28 Early 2023"]
[White "Saravana, Krishnan P."]
[Black "EdmundPlayer"]
[WhiteFideId "5018382"]
[WhiteElo "2189"]
[BlackElo "2225"]
[Result "1-0"]
[Round "01"]
[TimeControl "180+2"]
[Date "2023.02.28"]
[WhiteClock "0:00:26"]
[BlackClock "0:00:05"]

1. e4 e6 2. d4 d5 3. Nd2 h6 4. Bd3 c5 5. exd5 exd5 6. Qe2+ Qe7 7. dxc5 Qxe2+ 8. Nxe2 Bxc5 9. Nb3 Bb6 10. Ned4 Ne7 11. Be3 Nbc6 12. c3 Nxd4 13. Bxd4 O-O 14. O-O Bc7 15. Rfe1 Nc6 16. Bc5 Rd8 17. Nd4 Ne5 18. Bb5 Bd7 19. Rad1 a6 20. Bxd7 Rxd7 21. Nf5 Rad8 22. Bd4 f6 23. f4 Nc4 24. b3 Nb6 25. g3 Kf7 26. Kg2 Nc8 27. Rd3 Nd6 28. Nxd6+ Bxd6 29. Red1 Re7 30. Kf3 Rde8 31. R1d2 b5 32. Bf2 Ba3 33. Rxd5 Bc1 34. R2d3 Re2 35. Rd7+ Kg6 36. Rd1 Bb2 37. Rc7 Rc2 38. Rdd7 Rg8 39. c4 bxc4 40. Rxc4 Rxc4 41. bxc4 Rc8 42. c5 Ba3 43. Rd5 Kf7 44. f5 Ke7 45. Ke4 Rc6 46. Kd4 a5 47. Kc4 Bb2 48. Kb5 Rc8 49. c6 Be5 50. Bc5+ Ke8 51. Bb6 Rb8 52. Kxa5 Ra8+ 53. Kb5 Rxa2 54. c7 Rc2 55. Be3 Rxc7 56. Bb6 Rb7 57. Kc6 Rd7 58. Rxd7 1-0


[Site "https://www.chess.com"]

[Event "Titled Tuesday Blitz February 28 Early 2023"]
[White "Ciuffoletti, Paolo"]
[Black "Sharapov, Evgeny"]
[WhiteFideId "807630"]
[BlackFideId "14103133"]
[WhiteElo "2143"]
[BlackElo "2367"]
[Result "0-1"]
[Round "01"]
[TimeControl "180+2"]
[Date "2023.02.28"]
[WhiteClock "0:00:11"]
[BlackClock "0:00:47"]

1. e4 c5 2. d4 cxd4 3. c3 Nf6 4. e5 Nd5 5. Qxd4 e6 6. Bc4 Nc6 7. Qe4 f5 8. Qe2 Nde7 9. Nf3 Qc7 10. O-O Ng6 11. Re1 Bc5 12. b4 Bb6 13. a4 a5 14. b5 Nce7 15. Ba3 Bc5 16. Bxc5 Qxc5 17. Nbd2 O-O 18. Nb3 Qc7 19. Nbd4 b6 20. Ng5 h6 21. Ndxe6 dxe6 22. Bxe6+ Bxe6 23. Nxe6 Qxc3 24. Nxf8 Rxf8 25. Rac1 Qb4 26. Qc4+ Qxc4 27. Rxc4 Rd8 28. g3 Kf7 29. Rc7 Rd4 30. Rb7 Rxa4 31. Rxb6 Rb4 32. h4 h5 33. Rb8 Nd5 34. Rb7+ Nge7 35. Rd1 Ke6 36. f4 a4 37. Ra7 Rxb5 38. Rxa4 Rb3 39. Ra6+ Kf7 40. Kh2 Rb2+ 41. Kh3 Ne3 42. e6+ Kf6 43. Re1 Ng4 44. Rh1 Nf2+ 45. Kg2 Nxh1+ 46. Kxh1 Re2 0-1


[Site "https://www.chess.com"]

[Event "Titled Tuesday Blitz February 28 Early 2023"]
[White "Aldokhin, Ivan"]
[Black "Lesbekova, Assel"]
[WhiteFideId "24115720"]
[BlackFideId "13713248"]
[WhiteElo "2322"]
[BlackElo "1799"]
[Result "1-0"]
[Round "01"]
[TimeControl "180+2"]
[Date "2023.02.28"]
[WhiteClock "0:00:13"]
[BlackClock "0:00:53"]

1. e4 d6 2. d4 e5 3. Nf3 exd4 4. Nxd4 Nf6 5. Nc3 Be7 6. h3 O-O 7. g4 c5 8. Nf5 Nc6 9. Bg2 Be6 10. O-O Re8 11. Nxe7+ Qxe7 12. Bg5 h6 13. Bh4 Ne5 14. f4 Nc6 15. f5 Bc4 16. Re1 Qe5 17. Qd2 Qd4+ 18. Qxd4 Nxd4 19. Rac1 Nd7 20. b3 Ba6 21. Kf2 g5 22. Bg3 Rac8 23. Nd5 Rc6 24. c3 Nb5 25. a4 Nc7 26. Nxc7 Rxc7 27. Bxd6 Rc6 28. e5 Rb6 29. b4 Bd3 30. b5 f6 31. Bc7 fxe5 32. Bxb6 Nxb6 33. Bxb7 Nxa4 34. c4 e4 35. Ra1 Nb2 36. Rxa7 Bxc4 37. Rxe4 Nd3+ 38. Ke3 Ne5 39. b6 Bd3 40. Rxe5 Rxe5+ 41. Kxd3 1-0


[Site "https://www.chess.com"]

[Event "Titled Tuesday Blitz February 28 Early 2023"]
[White "Erece, Ece Alkim"]
[Black "Gunduz, Umut Erdem"]
[WhiteFideId "6346006"]
[BlackFideId "6381383"]
[WhiteElo "1667"]
[BlackElo "2182"]
[Result "0-1"]
[Round "01"]
[TimeControl "180+2"]
[Date "2023.02.28"]
[WhiteClock "0:00:16"]
[BlackClock "0:01:13"]

1. e4 e5 2. Nf3 d6 3. Bc4 Be7 4. O-O Nf6 5. Re1 O-O 6. d4 exd4 7. Nxd4 Nc6 8. Nc3 Bd7 9. Bg5 h6 10. Bh4 Re8 11. a3 Ne5 12. Bb3 Ng6 13. Bg3 a6 14. Nf5 Bxf5 15. exf5 Nf8 16. Nd5 N8d7 17. Qd4 Bf8 18. Rxe8 Nxe8 19. Re1 Nef6 20. Bh4 c6 21. Nf4 d5 22. Qe3 Qa5 23. Nd3 Re8 24. Qc1 Rxe1+ 25. Qxe1 Qxe1+ 26. Nxe1 Nc5 27. Ba2 Nfe4 28. f3 Nd6 29. g4 Na4 30. Nd3 Nc4 31. b3 Nc3 32. bxc4 Nxa2 33. cxd5 cxd5 34. Bf2 Bxa3 35. Nf4 Nc3 36. Bd4 Bc1 37. Bxc3 Bxf4 38. h4 f6 39. Bd4 Be5 40. Bf2 a5 41. Kf1 a4 42. Bc5 Bb2 0-1


[Site "https://www.chess.com"]

[Event "Titled Tuesday Blitz February 28 Early 2023"]
[White "Ordekalog"]
[Black "Burke, John F"]
[BlackFideId "2052970"]
[WhiteElo "2576"]
[BlackElo "2208"]
[Result "1-0"]
[Round "01"]
[TimeControl "180+2"]
[Date "2023.02.28"]
[WhiteClock "0:02:07"]
[BlackClock "0:01:44"]

1. e4 c5 2. d3 Nc6 3. g3 g6 4. Bg2 Bg7 5. f4 d6 6. Nf3 e5 7. O-O Nge7 8. f5 gxf5 9. Nh4 fxe4 10. dxe4 Be6 11. Nf5 Bxf5 12. exf5 f6 13. Qh5+ Kd7 14. Nc3 Kc7 15. Be3 Nd4 16. Rf2 Rc8 17. Nd5+ Nxd5 18. Bxd5 Qe8 19. Qg4 Qd7 20. c3 Nc6 21. Be6 Qe7 22. Bxc8 Kxc8 23. Rd1 h5 24. Qe4 h4 25. g4 h3 26. g5 fxg5 27. f6 Bxf6 28. Qf5+ 1-0


[Site "https://www.chess.com"]

[Event "Titled Tuesday Blitz February 28 Early 2023"]
[White "Rosh Jain"]
[Black "Aggelis, Nikolaos"]
[WhiteFideId "25789465"]
[BlackFideId "4213220"]
[WhiteElo "2233"]
[BlackElo "2189"]
[Result "0-1"]
[Round "01"]
[TimeControl "180+2"]
[Date "2023.02.28"]
[WhiteClock "0:00:01"]
[BlackClock "0:00:40"]

1. e4 c6 2. Nc3 d5 3. Nf3 dxe4 4. Nxe4 Bg4 5. Qe2 e6 6. d3 Nd7 7. Be3 Ngf6 8. O-O-O Qa5 9. Kb1 Qh5 10. Ng3 Bxf3 11. gxf3 Qa5 12. f4 Kd8 13. Bg2 Kc7 14. Bd2 Bb4 15. c3 Bd6 16. a3 Rad8 17. c4 Qa4 18. Bc3 Kb8 19. Qf3 Qb3 20. Ne2 Bc5 21. Nc1 Qb6 22. d4 Bxa3 23. d5 exd5 24. Bxf6 Nxf6 25. Qxa3 Qxf2 26. Qf3 Qxf3 27. Bxf3 dxc4 28. Ne2 Kc7 29. Nc3 b5 30. Rxd8 Rxd8 31. Kc1 a5 32. Ne4 Nxe4 33. Bxe4 Rd4 34. Re1 g6 35. f5 Kd6 36. h3 Kc5 37. fxg6 hxg6 38. Bc2 Rf4 39. Kb1 Rf3 40. Rh1 a4 41. h4 a3 42. bxa3 Rxa3 43. Rf1 Ra7 44. Rf6 Re7 45. Rf4 b4 46. Rg4 b3 47. Bd1 Kb4 48. Bf3 f5 49. Rf4 Kc3 50. Bd1 Re1 51. Rf3+ Kb4 52. Kc1 Rh1 53. Rf4 c5 54. Rf3 Rxh4 55. Rg3 c3 56. Rxg6 Rh1 57. Rb6+ Kc4 58. Rxb3 Rxd1+ 59. Kxd1 Kxb3 60. Kc1 f4 61. Kb1 f3 62. Kc1 f2 63. Kb1 f1=Q# 0-1


[Site "https://www.chess.com"]

[Event "Titled Tuesday Blitz February 28 Early 2023"]
[White "Koellner, Ruben Gideon"]
[Black "Rose, Felix"]
[WhiteFideId "12993093"]
[BlackFideId "5105722"]
[WhiteElo "2303"]
[BlackElo "2039"]
[Result "1-0"]
[Round "01"]
[TimeControl "180+2"]
[Date "2023.02.28"]
[WhiteClock "0:02:32"]
[BlackClock "0:02:29"]

1. d4 d5 2. Nf3 Nf6 3. Nbd2 c5 4. e3 cxd4 5. exd4 Nc6 6. c3 Bf5 7. Bb5 Rc8 8. Ne5 Qb6 9. Bxc6+ bxc6 10. g4 Bd3 11. Nxd3 1-0


[Site "https://www.chess.com"]

[Event "Titled Tuesday Blitz February 28 Early 2023"]
[White "Hartikainen, Jarmo"]
[Black "Janaszak, Dawid"]
[WhiteFideId "503134"]
[BlackFideId "1119206"]
[WhiteElo "2201"]
[BlackElo "2220"]
[Result "0-1"]
[Round "01"]
[TimeControl "180+2"]
[Date "2023.02.28"]
[WhiteClock "0:00:21"]
[BlackClock "0:01:23"]

1. e4 c5 2. c3 e5 3. Nf3 Nc6 4. d4 cxd4 5. cxd4 exd4 6. Nxd4 Nf6 7. Nc3 Bb4 8. f3 d5 9. Nxc6 bxc6 10. e5 Nd7 11. f4 O-O 12. Bd2 Rb8 13. Bd3 Bc5 14. Qc2 Qh4+ 15. g3 Qh5 16. Be2 Qh3 17. O-O-O Nb6 18. Na4 Nxa4 19. Qxa4 Bf5 20. Bc3 Qg2 21. Rhe1 Be3+ 22. Bd2 Bf2 23. Rf1 c5 24. g4 Be4 25. Qa3 Bd4 0-1


[Site "https://www.chess.com"]

[Event "Titled Tuesday Blitz February 28 Early 2023"]
[White "Yaran, Siar"]
[Black "Kiseljova, Marya"]
[WhiteFideId "6323006"]
[BlackFideId "4155009"]
[WhiteElo "2191"]
[BlackElo "1807"]
[Result "1-0"]
[Round "01"]
[TimeControl "180+2"]
[Date "2023.02.28"]
[WhiteClock "0:00:14"]
[BlackClock "0:00:01"]

1. d4 e6 2. c4 Nf6 3. Nc3 Bb4 4. e3 O-O 5. Bd3 Re8 6. Nf3 Bxc3+ 7. bxc3 d6 8. O-O Nbd7 9. e4 e5 10. Re1 h6 11. h3 c6 12. Nh4 Nf8 13. Qf3 Qa5 14. Bb2 Be6 15. c5 dxc5 16. dxe5 N6d7 17. c4 Qa4 18. Nf5 Bxc4 19. Bxc4 Qxc4 20. Nd6 Qe6 21. Nxe8 Rxe8 22. Rab1 b6 23. Qa3 a5 24. f4 f6 25. exf6 Nxf6 26. f5 Qe7 27. e5 Nd5 28. e6 Nh7 29. Qg3 Nhf6 30. Rbd1 Kh8 31. Rd3 c4 32. Rf3 b5 33. Qg6 b4 34. Be5 c3 35. Rg3 Rg8 36. Rd3 a4 37. g4 b3 38. axb3 axb3 39. g5 1-0


[Site "https://www.chess.com"]

[Event "Titled Tuesday Blitz February 28 Early 2023"]
[White "Nugumanov, Bakhtiyar"]
[Black "Postma, Dinant"]
[WhiteFideId "13701797"]
[BlackFideId "1018612"]
[WhiteElo "2209"]
[BlackElo "2570"]
[Result "1/2-1/2"]
[Round "01"]
[TimeControl "180+2"]
[Date "2023.02.28"]
[WhiteClock "0:00:15"]
[BlackClock "0:00:08"]

1. e4 c5 2. Nf3 g6 3. d4 cxd4 4. Nxd4 Bg7 5. Nc3 Nc6 6. Be3 Nf6 7. Bc4 O-O 8. Bb3 d5 9. exd5 Na5 10. O-O Nxb3 11. Nxb3 b6 12. d6 exd6 13. Qf3 Bg4 14. Qg3 Rc8 15. h3 Bf5 16. Nd4 Ne4 17. Nxe4 Bxe4 18. c3 Be5 19. Bf4 Qf6 20. Bxe5 dxe5 21. Ne2 Rfd8 22. Rfd1 h5 23. Qe3 Bb7 24. Ng3 Qc6 25. f3 Qe6 26. Ne4 Bxe4 27. Qxe4 Rxd1+ 28. Rxd1 Qxa2 29. b4 Qe6 30. Rd5 Rxc3 31. Rxe5 Rc1+ 32. Kh2 Qd6 33. f4 Rc8 34. b5 Kg7 35. Re7 Rc7 36. Re8 Qf6 37. Ra8 Rd7 38. Re8 Rd4 39. Qe5 Rxf4 40. Qb8 Rd4 41. Rg8+ Kh7 42. Rf8 Re4 43. Qg3 Kg7 44. Ra8 Qf4 45. Qxf4 Rxf4 46. Rxa7 Rb4 47. Rb7 Rxb5 48. Kg3 Kf6 49. Kf3 Rb3+ 50. Kf2 b5 51. Rb6+ Kg7 52. Rb7 b4 53. h4 Kf8 54. Kg1 Rb2 55. Kh2 b3 56. Kh3 Rb1 57. Kh2 b2 58. g3 Ke8 59. Kg2 Kd8 60. Kh2 Kc8 61. Rb3 Kc7 62. Rb4 Kc6 63. Rb8 Kc5 64. Kg2 Kd4 65. Rd8+ Ke5 66. Re8+ Kf5 67. Rb8 f6 68. Rb5+ Ke6 69. Rb6+ Kd5 70. Rb8 g5 71. hxg5 fxg5 72. Rb7 Kc6 73. Rb8 Kc5 74. Rb7 Kd4 75. Rb8 Ke3 76. Re8+ Kd4 77. Rd8+ Ke5 78. Re8+ Kf5 79. Rb8 Kg4 80. Rb4+ Kf5 81. Rb8 Kf6 82. Rb6+ Ke5 83. Rb8 Ke4 84. Rb7 Ke3 85. Rb8 Re1 86. Rb3+ Ke4 87. Rxb2 Re3 88. Rb4+ Kf5 89. Rb5+ Re5 90. Rb2 Re4 91. Kf3 g4+ 92. Kg2 Re5 93. Rb3 Ra5 94. Rb2 Kg5 95. Rc2 h4 96. gxh4+ Kxh4 97. Rb2 Ra3 98. Rc2 Rg3+ 99. Kh2 Re3 100. Kg2 Rd3 101. Ra2 Rh3 102. Rb2 Rg3+ 103. Kh2 Rd3 104. Kg2 Rd4 105. Ra2 Re4 106. Ra3 Re2+ 107. Kg1 Rc2 108. Rb3 Kh5 109. Ra3 Kg5 110. Rb3 Kf4 111. Ra3 Re2 112. Rb3 Re4 113. Ra3 Re2 114. Rb3 Rd2 115. Ra3 Kg5 116. Rb3 Kh4 117. Ra3 Rb2 118. Rc3 Ra2 119. Rb3 g3 120. Rb8 Kh3 121. Rh8+ Kg4 122. Rg8+ Kf3 123. Rf8+ Ke3 124. Re8+ Kf3 125. Rf8+ Ke4 126. Re8+ Kf3 127. Rf8+ 1/2-1/2


[Site "https://www.chess.com"]

[Event "Titled Tuesday Blitz February 28 Early 2023"]
[White "Tologon tegin, Semetei"]
[Black "Andreassen, Lars"]
[WhiteFideId "13800574"]
[BlackFideId "1504878"]
[WhiteElo "2247"]
[BlackElo "2119"]
[Result "1-0"]
[Round "01"]
[TimeControl "180+2"]
[Date "2023.02.28"]
[WhiteClock "0:01:01"]
[BlackClock "0:02:24"]

1. d4 d5 2. c4 e6 3. Nc3 c5 4. cxd5 cxd4 5. Qxd4 Nc6 6. Qd1 exd5 7. Qxd5 Bd7 8. Nf3 Nf6 9. Qb3 a6 10. Bg5 Be7 11. e3 O-O 12. Be2 b5 13. O-O Rc8 14. a3 Na5 15. Qc2 Nc4 16. Rfd1 Qc7 17. Bxf6 Bxf6 18. Nd5 Qc6 19. Bxc4 bxc4 20. Nxf6+ gxf6 21. Rd4 Be6 22. Rh4 f5 23. Nd4 Qd5 24. Rh5 Rc5 25. Qc3 Rb8 26. Rg5+ Kf8 27. Nxe6+ Qxe6 28. Qh8+ Ke7 29. Qxb8 1-0


[Site "https://www.chess.com"]

[Event "Titled Tuesday Blitz February 28 Early 2023"]
[White "Marin Ramirez, Gerardo"]
[Black "Djokic, Mihailo"]
[WhiteFideId "3901068"]
[BlackFideId "976440"]
[WhiteElo "1997"]
[BlackElo "2294"]
[Result "0-1"]
[Round "01"]
[TimeControl "180+2"]
[Date "2023.02.28"]
[WhiteClock "0:00:02"]
[BlackClock "0:01:22"]

1. d4 Nf6 2. Nf3 g6 3. c4 Bg7 4. Nc3 d6 5. g3 O-O 6. Bg2 Nc6 7. O-O a6 8. Qc2 Bf5 9. e4 Bg4 10. Be3 Nd7 11. d5 Nce5 12. Nxe5 Nxe5 13. Ne2 b5 14. cxb5 axb5 15. f3 Bd7 16. Nd4 Nc4 17. Bf2 Qc8 18. a4 e5 19. Nc6 Bxc6 20. dxc6 Qe6 21. axb5 Rab8 22. Rfc1 Nb6 23. Ra7 Rfc8 24. Bf1 d5 25. exd5 Qxd5 26. Qc5 Qxf3 27. Qe7 Nd5 0-1


[Site "https://www.chess.com"]

[Event "Titled Tuesday Blitz February 28 Early 2023"]
[White "Domingo Nunez, Alejandro"]
[Black "Ruge, Edison"]
[WhiteFideId "22245561"]
[BlackFideId "4401000"]
[WhiteElo "2230"]
[BlackElo "2175"]
[Result "1-0"]
[Round "01"]
[TimeControl "180+2"]
[Date "2023.02.28"]
[WhiteClock "0:01:01"]
[BlackClock "0:00:01"]

1. e4 e5 2. Nf3 Nc6 3. Bc4 Be7 4. O-O Nf6 5. d3 d6 6. a4 O-O 7. Re1 h6 8. h3 Be6 9. Nc3 Na5 10. Bxe6 fxe6 11. d4 exd4 12. Nxd4 Qd7 13. Qd3 Nc6 14. Nxc6 Qxc6 15. e5 Nd5 16. Nxd5 Qxd5 17. Qc3 dxe5 18. Rxe5 Qd6 19. Qe1 Bh4 20. g3 Bf6 21. Rxe6 Qd5 22. c3 Qf3 23. Bf4 Rad8 24. Bxc7 Rd5 25. Qe2 1-0


[Site "https://www.chess.com"]

[Event "Titled Tuesday Blitz February 28 Early 2023"]
[White "Hertlein, Irena"]
[Black "Karttunen, Mika"]
[WhiteFideId "21817618"]
[BlackFideId "502081"]
[WhiteElo "1776"]
[BlackElo "2396"]
[Result "0-1"]
[Round "01"]
[TimeControl "180+2"]
[Date "2023.02.28"]
[WhiteClock "0:00:10"]
[BlackClock "0:00:07"]

1. Nf3 d5 2. e3 Nf6 3. c4 e6 4. b3 c5 5. Bb2 Nc6 6. cxd5 exd5 7. Be2 Bd6 8. d4 O-O 9. O-O Bf5 10. dxc5 Bxc5 11. Nc3 Be7 12. Rc1 Rc8 13. Nb5 Ne4 14. Nbd4 Bg6 15. Nxc6 bxc6 16. Nd2 Bf6 17. Ba3 Nc3 18. Rxc3 Bxc3 19. Bxf8 Qxf8 20. Nf3 Qa3 21. Nh4 Be4 22. f3 Bg6 23. Nxg6 hxg6 24. Qc2 Bf6 25. Rd1 Qe7 26. e4 d4 27. f4 Qb4 28. e5 Be7 29. Qc4 Qxc4 30. Bxc4 Kf8 31. Kf1 c5 32. Ke2 Bd8 33. Kd3 Ba5 34. a3 Bc3 35. g4 Ke7 36. Rf1 Rh8 37. Rf2 Rh3+ 38. Ke4 Re3+ 39. Kd5 d3 40. Rf1 d2 41. Kxc5 Re1 0-1


[Site "https://www.chess.com"]